 Dungeon Crawl Stone Soup version 0.21.0 (console) character file.

760 Kloppie the Cudgeler (level 7, -1/61 HPs)
             Began as a Minotaur Fighter on Jan 7, 2018.
             Slain by an iguana (10 damage)
             ... on level 6 of the Dungeon.
             The game lasted 00:05:50 (2266 turns).

Kloppie the Cudgeler (Minotaur Fighter)             Turns: 2266, Time: 00:05:50

Health: -1/61      AC:  8    Str: 23    XL:     7   Next: 50%
Magic:  15/15      EV:  9    Int:  5    God:
Gold:   223        SH:  0    Dex: 12    Spells: 6/6 levels left

rFire    . . .     SeeInvis .   a - +1 flail
rCold    . . .     Gourm    .   (no shield)
rNeg     . . .     Faith    .   b - +0 scale mail
rPois    .         Spirit   .   (helmet restricted)
rElec    .         Reflect  .   (no cloak)
rCorr    .         Harm     .   n - +0 pair of fencer's gloves {+Riposte Dex+3}
MR       .....                  (no boots)
Stlth    ..........             (no amulet)
HPRegen  0.20/turn              x - ring of magical power
MPRegen  0.14/turn              (no ring)

@: no status effects
A: retaliatory headbutt, horns 2
a: no special abilities


You were on level 6 of the Dungeon.
You were not hungry.

You visited 1 branch of the dungeon, and saw 6 of its levels.

You collected 223 gold pieces.

Inventory:

Hand Weapons
 a - a +1 flail (weapon)
Armour
 b - a +0 scale mail (worn)
 c - a +0 shield
 l - a +2 pair of gloves
 n - the +0 pair of fencer's gloves (worn) {+Riposte Dex+3}
   (You found it on level 4 of the Dungeon)

   It affects your dexterity (+3).
Jewellery
 x - a ring of magical power (left hand)
Wands
 o - a wand of digging (5)
Scrolls
 d - a scroll of magic mapping {unknown}
 q - 2 scrolls of amnesia
 w - 2 scrolls of remove curse
Potions
 g - a potion of invisibility
 h - a potion of curing {unknown}
 i - 2 potions of flight {unknown}
 j - 3 potions of brilliance {unknown}
 k - a potion of magic {unknown}
 m - 2 potions of degeneration {unknown}
 p - 3 potions of heal wounds {unknown}
Comestibles
 f - 8 rations
 r - a chunk of flesh


   Skills:
 - Level 5.5 Fighting
 + Level 7.4 Maces & Flails
 - Level 3.6 Armour
 + Level 6.8 Shields


You had 6 spell levels left.
You didn't know any spells.

Dungeon Overview and Level Annotations

Branches:
Dungeon (7/15)
 Temple: D:4-7

Altars:
Cheibriados
Dithmenos
Gozag
Nemelex Xobeh
Uskayaw

Shops:
D:7 %

Annotations:
D:3 Grinder
D:7 Joseph, Menkaure


Innate Abilities, Weirdness & Mutations

You reflexively headbutt those who attack you in melee.
You have a pair of horns on your head.


Message History

Found a stone staircase leading up.
There is a stone staircase leading up here.
You climb upwards.
The iguana hisses angrily.
A scorpion comes into view.
Found a stone staircase leading down.
There is a stone staircase leading down here.
Found 15 gold pieces.
There is a stone staircase leading down here.
You sock the scorpion!
The scorpion is severely wounded.
The scorpion closely misses you.
You riposte.
You sock the scorpion!
You kill the scorpion!
You see here a scorpion corpse.
You closely miss the iguana. The iguana bites you.
* * * LOW HITPOINT WARNING * * *
You barely miss the iguana.
You headbutt the iguana, but do no damage.
The iguana bites you!
You die...

####### ..... ##
...# ..
#######..# #.
..#.>..#
#.##.#.#..#####.#
#....#........$.#
#..@l##.l.#####
#.#####..># #..
#...# ...#
......# ###.
#####..# ## #..#
#..# #..# #..#


You could see an iguana.

Vanquished Creatures
  A hungry ghost (D:7)
  2 phantoms
  A centaur (D:7)
  2 scorpions
  A howler monkey (D:7)
  An orc priest (D:3)
  A worker ant (D:4)
  Terence (D:2)
  A worker ant zombie (D:7)
  Robin (D:2)
  4 adders
  5 worms
  4 dart slugs
  5 leopard geckos
  8 orcs (D:3)
  3 bats
  3 giant cockroaches (D:2)
  7 hobgoblins
  4 jackals (D:3)
  2 quokkas
  2 frilled lizards (D:3)
  9 goblins
  8 kobolds
  A quokka skeleton (D:4)
  3 rats
80 creatures vanquished.

Notes
Turn   | Place    | Note
-------+----------+-------------------------------------------
     0 | D:1      | Kloppie the Minotaur Fighter began the quest for the Orb.
     0 | D:1      | Reached XP level 1. HP: 19/19 MP: 0/0
   105 | D:1      | Reached XP level 2. HP: 18/27 MP: 1/1
   142 | D:1      | Reached skill level 3 in Maces & Flails
   638 | D:2      | Reached XP level 3. HP: 26/34 MP: 2/2
   690 | D:2      | Noticed Terence
   698 | D:2      | Noticed Robin
   706 | D:2      | Killed Terence
   707 | D:2      | Reached skill level 4 in Maces & Flails
   715 | D:2      | Reached XP level 4. HP: 25/41 MP: 3/3
   722 | D:2      | Killed Robin
   722 | D:2      | Reached skill level 5 in Fighting
   964 | D:2      | Found an opulent altar of Gozag.
  1041 | D:2      | Found a shadowy altar of Dithmenos.
  1169 | D:3      | Found a snail-covered altar of Cheibriados.
  1392 | D:3      | Reached XP level 5. HP: 39/48 MP: 4/4
  1453 | D:3      | Reached skill level 5 in Maces & Flails
  1548 | D:3      | Found a faded altar of an unknown god.
  1549 | D:3      | Noticed Grinder
  1606 | D:4      | Found a hide-covered altar of Uskayaw.
  1621 | D:4      | Noticed a phantom
  1638 | D:4      | Killed a phantom
  1638 | D:4      | Reached XP level 6. HP: 44/56 MP: 5/5
  1688 | D:4      | Reached skill level 6 in Maces & Flails
  1688 | D:4      | Reached skill level 5 in Shields
  1772 | D:4      | Found the +0 pair of fencer's gloves {+Riposte Dex+3}
  1912 | D:4      | You fall through a shaft for 3 floors!
  1937 | D:7      | Noticed Menkaure
  1938 | D:7      | Noticed Joseph
  1988 | D:7      | Found Itaothra's Food Emporium.
  2064 | D:7      | Found a sparkling altar of Nemelex Xobeh.
  2163 | D:7      | Noticed a hungry ghost
  2196 | D:7      | Killed a hungry ghost
  2196 | D:7      | Reached XP level 7. HP: 38/61 MP: 6/6
  2205 | D:7      | Reached skill level 7 in Maces & Flails
  2266 | D:6      | Slain by an iguana

Skill      XL: |  1  2  3  4  5  6  7 |
---------------+----------------------+-----
Fighting       | 4 5 |  5.5
Maces & Flails | 3 4 5 6 7 |  7.4
Shields        | 4 6 |  6.8
Armour         | |  3.6

Action                   |  1- 3 |  4- 6 |  7- 9 || total
-------------------------+-------+-------+-------++-------
Melee: Flail             |    71 |   149 |    16 ||   236
       Headbutt          |    11 |    24 |     7 ||    42
  Use: Potion            |     1 |       |       ||     1
       Scroll            |       |    10 |       ||    10
  Eat: Chunk             |       |     3 |       ||     3
       Ration            |       |     2 |     1 ||     3
Armor: Scale mail        |    47 |    71 |     7 ||   125
Dodge: Dodged            |    47 |    80 |     3 ||   130
       Rpst.: Flail      |       |     4 |     2 ||     6
